 Dungeon Crawl Stone Soup version 0.30-a0-364-gf6b3ef1049 (webtiles) character file.

Game seed: 13107467468920531294

365 pokeman the Magician (level 6, -3/34 HPs)
             Began as a Deep Elf Hedge Wizard on Nov 15, 2022.
             Slain by a gnoll
             ... wielding a +0 flail
              (5 damage)
             ... on level 4 of the Dungeon.
             The game lasted 00:06:45 (4048 turns).

pokeman the Magician (Deep Elf Hedge Wizard)        Turns: 4048, Time: 00:06:46

Health: -3/34      AC:  3    Str:  7    XL:     6   Next: 40%
Magic:  1/18       EV: 12    Int: 21    God:
Gold:   187        SH:  0    Dex: 14    Spells: 8/19 levels left

rFire   . . .      SeeInvis .    o - +2 war axe (vorpal)
rCold   . . .      Faith    .    (no shield)
rNeg    . . .      Spirit   .    g - +0 leather armour
rPois   .          Reflect  .    c - +0 hat
rElec   .          Harm     .    (no cloak)
rCorr   .          Rampage  .    (no gloves)
Will    .....                    (no boots)
Stlth   ++........               (no amulet)
HPRegen 0.25/turn                (no ring)
MPRegen 0.16/turn                (no ring)

@: no status effects
A: no striking features
a: no special abilities


You were on level 4 of the Dungeon.
You visited 1 branch of the dungeon, and saw 4 of its levels.

You collected 187 gold pieces.

Inventory:

Hand Weapons
 o - a +2 vorpal war axe (weapon)
Armour
 c - a +0 hat (worn)
 g - a +0 leather armour (worn)
Wands
 j - a wand of charming (9)
Scrolls
 b - a scroll of teleportation {unknown}
 e - a scroll of amnesia {unknown}
 f - 2 scrolls of brand weapon {unknown}
 i - 4 scrolls of identify {unknown}
 l - a scroll of butterflies {unknown}
 n - a scroll of vulnerability {unknown}
Potions
 a - a potion of might
 d - 2 potions of magic
 h - a potion of curing {unknown}
 k - a potion of degeneration {unknown}
 m - a potion of haste {unknown}
 p - 2 potions of cancellation {unknown}


   Skills:
 + Level 1.2 Fighting
 - Level 1.0 Armour
 - Level 3.1 Dodging
 - Level 3.3 Stealth
 * Level 7.1 Spellcasting
 + Level 3.1 Conjurations
 - Level 1.1 Summonings
 - Level 1.1 Translocations
 - Level 1.0 Air Magic
 + Level 0.2 Earth Magic
 - Level 1.2 Poison Magic


You had 8 spell levels left.
You knew the following spells:

 Your Spells              Type           Power      Damage    Failure   Level
a - Magic Dart            Conj           80%        1d7       3%          1
b - Mephitic Cloud        Conj/Pois/Air  15%        N/A       19%         3
c - Call Imp              Summ           12%        N/A       12%         2
d - Blink                 Tloc           24%        N/A       12%         2
e - Stone Arrow           Conj/Erth      28%        3d8       19%         3

Your spell library contained the following spells:

 Spells                   Type           Power      Damage    Failure   Level
 Apportation              Tloc           24%        N/A       9%          1
 Slow                     Hex            28%        N/A       13%         1
 Cigotuvi's Dreadful Rot  Necr/Pois/Air  20%        N/A       14%         2
 Animate Armour           Summ/Erth      20%        N/A       67%         4
 Alistair's Intoxication  Tmut/Pois      6%         N/A       95%         5
 Lehudib's Crystal Spear  Conj/Erth      7%         10d3      100%        8


Dungeon Overview and Level Annotations

Branches:
Dungeon (4/15)
 Temple: D:4-7

Altars:


Message History

The gnoll is engulfed in noxious fumes.
The gnoll appears confused.
The gnoll hits you with a +0 spear.
The gnoll is engulfed in noxious fumes.
The gnoll appears confused.
Unknown command.
You hit the gnoll.
The gnoll is severely wounded.
The gnoll is engulfed in noxious fumes.
The gnoll appears confused.
The gnoll is engulfed in noxious fumes.
The gnoll appears confused.
Unknown command.
You slash the gnoll!
You kill the gnoll!
Your magical contamination has completely faded away.
You see here a ball python corpse.
There is a stone staircase leading up here.
Casting: Mephitic Cloud (quite dangerous; 19% risk of failure)
Confirm with . or Enter, or press ? or * to list all spells.
The spell is quite dangerous to miscast (19% risk of failure)!
Continue anyway?
Aiming: Mephitic Cloud (quite dangerous; 19% risk of failure)
Press: ? - help, Shift-Dir - straight line, p - gnoll You miscast Mephitic Cloud.
You are very lightly contaminated with residual magic.
Nothing appears to happen.
The gnoll drinks a potion.
The gnoll seems to grow stronger.
Unknown command.
The gnoll hits you with a +0 flail. The gnoll hits you with a +0 whip.
The gnoll misses you. The gnoll attacks as you move away!
The gnoll hits you with a +0 whip. The gnoll attacks as you move away!
The gnoll hits you with a +0 flail. The gnoll attacks as you move away!
The gnoll hits you with a +0 whip. The gnoll attacks as you move away!
The gnoll closely misses you.
Your magical contamination has completely faded away.
Casting: Mephitic Cloud (quite dangerous; 19% risk of failure)
Confirm with . or Enter, or press ? or * to list all spells.
You blink.
The gnoll attacks as you move away! The gnoll hits you with a +0 flail!
* * * LOW HITPOINT WARNING * * *
You feel stable enough to blink again.
The gnoll seems less confused.
The gnoll attacks as you move away! The gnoll hits you with a +0 flail.
You die...

#......................
#.....÷................
#.....)................
#(...<.................
#......................
#...........÷÷.........
#..............).......
######.................
#....ggg@.........
#..........)).....
#..<†........)....
#....#####........
#....# #........
#####....# #........
##..#...### #........
#.........# #........
#.........# #........


You could see 3 gnolls.

Vanquished Creatures
  An ice beast (D:3)
  An ogre (D:4)
  A jelly (D:4)
  Ijyb (D:3)
  A gnoll (D:4)
  3 adders
  2 worms
  A dart slug (D:1)
  6 orcs
  7 endoplasms
  2 giant cockroaches
  11 goblins
  7 hobgoblins
  3 quokkas
  7 ball pythons
  4 bats
  A frilled lizard (D:1)
  4 kobolds
  6 rats
69 creatures vanquished.

Vanquished Creatures (collateral kills)
  A worm (D:2)
  2 orcs (D:3)
  An endoplasm (D:2)
  A giant cockroach (D:2)
5 creatures vanquished.

Grand Total: 74 creatures vanquished

Notes
Turn   | Place    | Note
-------+----------+-------------------------------------------
     0 | D:1      | pokeman the Deep Elf Hedge Wizard began the quest for the
                  | Orb.
     0 | D:1      | Reached XP level 1. HP: 10/10 MP: 7/7
   277 | D:1      | Reached XP level 2. HP: 15/15 MP: 6/9
   962 | D:1      | Reached skill level 5 in Spellcasting
  1301 | D:2      | Reached XP level 3. HP: 20/20 MP: 8/11
  1305 | D:2      | Learned a level 3 spell: Mephitic Cloud
  1308 | D:2      | Learned a level 2 spell: Call Imp
  1311 | D:2      | Learned a level 2 spell: Blink
  1891 | D:2      | Reached skill level 1 in Fighting
  2048 | D:3      | Noticed an ice beast
  2082 | D:2      | Reached skill level 1 in Armour
  2620 | D:3      | Noticed a great orb of eyes
  2622 | D:3      | Found a faded altar of an unknown god.
  2624 | D:3      | Noticed a shining eye
  2624 | D:3      | Noticed a shining eye
  2624 | D:3      | Noticed a floating eye
  2692 | D:3      | Reached XP level 4. HP: 25/25 MP: 8/13
  3297 | D:3      | Killed an ice beast
  3298 | D:3      | Reached skill level 6 in Spellcasting
  3298 | D:3      | Reached XP level 5. HP: 7/29 MP: 2/15
  3705 | D:4      | Noticed an ogre
  3717 | D:4      | Killed an ogre
  3718 | D:4      | Reached skill level 1 in Air Magic
  3718 | D:4      | Reached skill level 1 in Poison Magic
  3718 | D:4      | Reached XP level 6. HP: 34/34 MP: 1/17
  3819 | D:4      | Noticed Ijyb
  3835 | D:3      | Killed Ijyb
  3836 | D:3      | Reached skill level 7 in Spellcasting
  3968 | D:4      | Learned a level 3 spell: Stone Arrow
  4043 | D:4      | HP: 1/34 [gnoll/+0 flail (14)]
  4048 | D:4      | Slain by a gnoll

Illustrated notes

Levels and vault maps discovered:
D:1:      dpeg_arrival_boxes_within_box, layout_basic, minmay_misc_feat_square,
          chequers_serial_rivers_micro_b
D:2:      minmay_general_purpose_star, layout_basic
D:3:      layout_basic, hellmonk_ecumenical_altar_watching_god
D:4:      layout_gridville, uniq_natasha, uniq_ijyb

Skill      XL: |  1  2  3  4  5  6 |
---------------+-------------------+-----
Spellcasting   | 5 6 7 |  7.1
Fighting       | 1 |  1.2
Armour         | 1 |  1.0
Conjurations   | 2 3 |  3.1
Dodging        | 3 |  3.1
Stealth        | 3 |  3.3
Air Magic      | 1 |  1.0
Poison Magic   | 1 |  1.2
Summonings     | |  1.1
Translocations | |  1.1
Earth Magic    | |  0.2

Action                   |  1- 3 |  4- 6 || total
-------------------------+-------+-------++-------
Melee: Dagger            |    22 |     6 ||    28
       War axe           |       |    14 ||    14
 Cast: Magic Dart        |   102 |    77 ||   179
       Call Imp          |     7 |     3 ||    10
       Blink             |     2 |     1 ||     3
       Mephitic Cloud    |       |     4 ||     4
 Stab: Confused          |       |     2 ||     2
       Sleeping          |       |     1 ||     1
Armor: Leather armour    |     8 |     4 ||    12
Dodge: Dodged            |    26 |    13 ||    39

Table legend: (Time is in decaauts)
 A = Elapsed time spent in this place.
 B = Non-inter-level travel time spent in this place.
 C = Inter-level travel time spent in this place.
 D = Time resting spent in this place.
 E = Time spent auto-exploring this place.
 F = Levels seen in this place.
 G = Mean time per level.
                   A        B        C        D        E       F      G
               +--------+--------+--------+--------+--------+-----+--------+
         Total |   4046 |   3791 |    255 |     72 |   3134 |   4 | 1011.5 |
       Dungeon |   4046 |   3791 |    255 |     72 |   3134 |   4 | 1011.5 |
               +--------+--------+--------+--------+--------+-----+--------+

Top non-repeatable levels by time:
     D:3: 1526 daAuts
     D:1: 1179 daAuts
     D:2: 1107 daAuts
     D:4: 234 daAuts
